 Dungeon Crawl Stone Soup version 0.28.0-45-g0d030f2227 (webtiles) character file.

Game seed: 14637319918801104295

107 MisterFreud the Covert (level 4, -4/41 HPs)
             Began as a Gnoll Delver on May 15, 2022.
             Succumbed to an orc wizard's poison
             ... on level 4 of the Dungeon.
             The game lasted 00:01:49 (528 turns).

MisterFreud the Covert (Gnoll Delver)                Turns: 528, Time: 00:01:50

Health: -4/41      AC:  3    Str: 12    XL:     4   Next: 85%
Magic:  5/5        EV: 13    Int: 11    God:
Gold:   17         SH:  0    Dex: 13    Spells: 5/5 levels left

rFire   . . .      SeeInvis .   a - +0 short sword
rCold   . . .      Faith    .   (no shield)
rNeg    . . .      Spirit   .   b - +0 leather armour
rPois   .          Reflect  .   (no helmet)
rElec   .          Harm     .   (no cloak)
rCorr   .          Rampage  .   (no gloves)
Will    .....                   (no boots)
Stlth   ++++......              (no amulet)
HPRegen 0.13/turn               (no ring)
MPRegen 0.09/turn               (no ring)

@: lethally poisoned (-4 -> -35)
A: fangs 1, strong nose, distributed training
a: no special abilities


You were on level 4 of the Dungeon.
You visited 1 branch of the dungeon, and saw 3 of its levels.

You collected 17 gold pieces.

Inventory:

Hand Weapons
 a - a +0 short sword (weapon)
Armour
 b - a +0 leather armour (worn)
Wands
 g - a wand of digging (3)
Scrolls
 c - 2 scrolls of fog
 d - a scroll of magic mapping
 e - a scroll of fear
 h - a scroll of teleportation {unknown}
Potions
 f - a potion of haste


   Skills:
 + Level 6.6 Fighting
 + Level 4.7 Short Blades
 + Level 1.2 Long Blades
 + Level 1.2 Axes
 + Level 1.2 Maces & Flails
 + Level 1.2 Polearms
 + Level 1.2 Staves
 + Level 1.2 Slings
 + Level 1.2 Bows
 + Level 1.2 Crossbows
 + Level 1.2 Throwing
 + Level 1.2 Armour
 + Level 4.7 Dodging
 + Level 9.6 Stealth
 + Level 1.2 Shields
 + Level 1.2 Unarmed Combat
 + Level 1.2 Spellcasting
 + Level 1.0 Conjurations
 + Level 1.0 Hexes
 + Level 1.0 Summonings
 + Level 1.0 Necromancy
 + Level 1.0 Translocations
 + Level 1.0 Transmutations
 + Level 1.0 Fire Magic
 + Level 1.0 Ice Magic
 + Level 1.0 Air Magic
 + Level 1.0 Earth Magic
 + Level 1.0 Poison Magic
 + Level 1.4 Invocations
 + Level 1.2 Evocations


You had 5 spell levels left.
You didn't know any spells.
Your spell library was empty.

Dungeon Overview and Level Annotations

Branches:
Dungeon (6/15)
 Temple: D:4-7

Altars:

Shops:
D:4 [!


Innate Abilities, Weirdness & Mutations

You have very sharp teeth.
Your uncanny sense of smell can sniff out nearby items.
Your experience applies equally to all skills.


Message History

You hit the orc wizard.
The orc wizard is moderately wounded.
You feel sick.
The orc wizard hits you but does no damage.
You are more poisoned.
You closely miss the orc wizard.
The orc wizard is moderately wounded.
You feel very sick.
The orc wizard hits you with a +0 dagger of venom.
You are more poisoned.
You barely miss the orc wizard. You bite the orc wizard.
The orc wizard is heavily wounded.
You feel very sick.
The orc wizard hits you with a +0 dagger of venom.
You are lethally poisoned!
You miss the orc wizard.
The orc wizard is heavily wounded.
You feel very sick.
You hit the orc wizard but do no damage.
The orc wizard is heavily wounded.
You feel very sick.
The orc wizard hits you with a +0 dagger of venom.
You are more poisoned.
You hit the orc wizard.
The orc wizard is heavily wounded.
* * * LOW HITPOINT WARNING * * *
You feel very sick. The orc wizard closely misses you.
You hit the orc wizard.
The orc wizard is severely wounded.
* * * LOW HITPOINT WARNING * * *
You feel very sick.
The orc wizard hits you with a +0 dagger of venom.
* * * LOW HITPOINT WARNING * * *
You are more poisoned.
Okay, then.
Unknown command.
As you read the scroll of fear, it crumbles to dust.
You assume a fearsome visage.
The orc wizard looks frightened!
You die...

#.# #......# #.#####.#.##..
∆ ## #.....#.#..⌠.⌠ .#
#####.#.#...∩. ∆
#.########.#....⌠.⌠
o.......##.#.......
#.##.###)#.##...##.##..<#.#
.......o###...#)....#.#.#.#
####.###.#@#.###..#..###..#
##o##..#.....#.# #.#
#.##....##.###.##.#
#.##.##.##.###.##..
#..............# ##
####.##.##.##### #.##.##...
#.......### ∆ ....[####


You could see an orc wizard (fleeing).

Vanquished Creatures
  A scorpion (D:5)
  An orc priest (D:4)
  An adder (D:4)
  2 orcs
  A ball python (D:4)
  A kobold (D:4)
  A quokka (D:4)
8 creatures vanquished.

Notes
Turn   | Place    | Note
-------+----------+-------------------------------------------
     0 | D:5      | Reached skill level 9 in Stealth
     0 | D:5      | MisterFreud the Gnoll Delver began the quest for the Orb.
     0 | D:5      | Reached XP level 1. HP: 23/23 MP: 1/1
    30 | D:5      | Noticed an ogre
    90 | D:6      | Noticed an orc wizard
   108 | D:5      | Noticed an ogre
   118 | D:6      | Noticed an iguana
   127 | D:5      | Noticed a scorpion
   306 | D:5      | Killed a scorpion
   307 | D:5      | Reached skill level 1 in Long Blades
   307 | D:5      | Reached skill level 1 in Axes
   307 | D:5      | Reached skill level 1 in Maces & Flails
   307 | D:5      | Reached skill level 1 in Polearms
   307 | D:5      | Reached skill level 1 in Staves
   307 | D:5      | Reached skill level 1 in Slings
   307 | D:5      | Reached skill level 1 in Bows
   307 | D:5      | Reached skill level 1 in Crossbows
   307 | D:5      | Reached skill level 1 in Throwing
   307 | D:5      | Reached skill level 1 in Armour
   307 | D:5      | Reached skill level 1 in Shields
   307 | D:5      | Reached skill level 1 in Unarmed Combat
   307 | D:5      | Reached skill level 1 in Spellcasting
   307 | D:5      | Reached skill level 1 in Invocations
   307 | D:5      | Reached skill level 1 in Evocations
   307 | D:5      | Reached XP level 2. HP: 29/29 MP: 1/3
   307 | D:5      | Reached XP level 3. HP: 35/35 MP: 1/4
   307 | D:5      | Reached XP level 4. HP: 41/41 MP: 1/5
   386 | D:4      | Found Leawesh's Distillery.
   464 | D:4      | Found Degozum's Antique Armour Emporium.
   510 | D:4      | Reached skill level 1 in Conjurations
   510 | D:4      | Reached skill level 1 in Hexes
   510 | D:4      | Reached skill level 1 in Summonings
   510 | D:4      | Reached skill level 1 in Necromancy
   510 | D:4      | Reached skill level 1 in Translocations
   510 | D:4      | Reached skill level 1 in Transmutations
   510 | D:4      | Reached skill level 1 in Fire Magic
   510 | D:4      | Reached skill level 1 in Ice Magic
   510 | D:4      | Reached skill level 1 in Air Magic
   510 | D:4      | Reached skill level 1 in Earth Magic
   510 | D:4      | Reached skill level 1 in Poison Magic
   527 | D:4      | HP: 2/41 [orc wizard/+0 dagger of venom (2)]
   528 | D:4      | Succumbed to an orc wizard's poison

Illustrated notes

Levels and vault maps discovered:
D:4:      kennysheep_goblin_castle, layout_loops_ring,
          mainiacjoe_overflow_24_doors, minmay_temple_entry_hall, serial_shops,
          shop, shop_fountains, kennysheep_little_box, shop,
          nicolae_shop_crystal, minmay_snake_closets, uniq_grinder,
          uniq_blork_the_orc
D:5:      layout_gridville, zin_angel, hangedman_decor_diamond_cutter,
          amcnicky_mini_pool_small, kennysheep_nondescript,
          nicolae_inconvenience_store, corner_web_ring, uniq_crazy_yiuf_cottage
D:6:      layout_rooms, mainiacjoe_overflow_paths, uniq_edmund, uniq_maggie,
          uniq_eustachio

Skill      XL: |  1  2  3  4 |
---------------+-------------+-----
Stealth        | |  9.6
Long Blades    | 1 |  1.2
Axes           | 1 |  1.2
Maces & Flails | 1 |  1.2
Polearms       | 1 |  1.2
Staves         | 1 |  1.2
Slings         | 1 |  1.2
Bows           | 1 |  1.2
Crossbows      | 1 |  1.2
Throwing       | 1 |  1.2
Armour         | 1 |  1.2
Shields        | 1 |  1.2
Unarmed Combat | 1 |  1.2
Spellcasting   | 1 |  1.2
Invocations    | 1 |  1.4
Evocations     | 1 |  1.2
Conjurations   | 1 |  1.0
Hexes          | 1 |  1.0
Summonings     | 1 |  1.0
Necromancy     | 1 |  1.0
Translocations | 1 |  1.0
Transmutations | 1 |  1.0
Fire Magic     | 1 |  1.0
Ice Magic      | 1 |  1.0
Air Magic      | 1 |  1.0
Earth Magic    | 1 |  1.0
Poison Magic   | 1 |  1.0
Fighting       | |  6.6
Short Blades   | |  4.7
Dodging        | |  4.7

Action                   |  1- 3 |  4- 6 || total
-------------------------+-------+-------++-------
Melee: Short sword       |     3 |    23 ||    26
       Bite              |       |     3 ||     3
  Use: Scroll            |       |     1 ||     1
 Stab: Sleeping          |     1 |     3 ||     4
Armor: Leather armour    |       |     6 ||     6
Dodge: Dodged            |     2 |    11 ||    13
